Map: World of Sleepers LE

Players

MightyThundr

  • Race: Zerg Zerg
  • League: Platinum
  • Spawn Location: 1:00

pHARM - Winner!

  • Race: Zerg Zerg
  • League: Platinum
  • Spawn Location: 7:00

VOD

Have the link to the VOD?

Description

Time

  • Played on: Sept. 7, 2019, 2:22 p.m.
  • Length: 4:27
Show
View Real Time Build Order
Export as new Build Order

MightyThundr Zerg 

Build Orders: Hatch First 

Get SALT Encoding   

  12  0:01  Drone  
  13  0:13  Overlord  
  13  0:19  Drone  
  14  0:33  Drone  
  14  0:34  Drone  
  16  0:37  Drone  
  17  0:53  Hatchery  
  16  0:58  Extractor  
  15  1:08  Spawning Pool  
  15  1:11  Drone  
  15  1:14  Drone  
  17  1:18  Drone  
  17  1:24  Drone  
  18  1:33  Drone  
  19  1:45  Drone  
  20  2:00  Spine Crawler x2  
  18  2:05  Spine Crawler  
  18  2:06  Zergling x2  
  18  2:07  Zergling x4  
  10  2:41  Spine Crawler  
  10  2:42  Spine Crawler  
  8  3:03  Zergling x6  
  11  3:07  Zergling x2  
  10  3:33  Queen  
  11  3:35  Zergling x2  
  6  4:07  Spine Crawler  
Show
View Real Time Build Order
Export as new Build Order

pHARM Zerg - Winner!

Build Orders: Pool Only 

Get SALT Encoding   

  12  0:20  Spawning Pool  
  11  0:26  Drone  
  12  0:33  Overlord  
  12  0:53  Drone  
  13  1:07  Zergling x6  
  16  1:21  Zergling x2  
  17  1:35  Zergling x2  
  17  1:36  Queen  
  20  1:40  Overlord  
  20  1:59  Spine Crawler  
  19  2:14  Spine Crawler  
  18  2:28  Zergling x2  
  18  2:29  Zergling x4  
  14  2:45  Zergling x2  
  14  2:51  Spine Crawler  
  14  3:11  Drone  
  14  3:12  Drone  
Tags
 
Add a new tag
Caveats
  • Supply blocks, unpowered buildings, or Contaminate may cause inaccurate times.
  • Supply counts are checked every 10 seconds.